 Dungeon Crawl Stone Soup version 0.30-a0-469-g84de5afbc5 (webtiles) character file.

Game seed: 16346745797284664927

51817 zishaf the Stormcaller (level 14, -7/138 HPs)
             Began as a Tengu Air Elementalist on Dec 19, 2022.
             Was an Initiate of Gozag.
             Killed by divine providence
             ... invoked by an orc high priest
              (12 damage)
             ... on level 2 of the Orcish Mines.
             The game lasted 00:33:22 (20375 turns).

zishaf the Stormcaller (Tengu Air Elementalist)    Turns: 20375, Time: 00:33:22

Health: -7/138     AC:  9    Str: 12    XL:     14   Next: 61%
Magic:  23/24      EV: 22    Int: 33    God:    Gozag
Gold:   2883       SH: 19    Dex: 21    Spells: 10/25 levels left

rFire   + + +      SeeInvis .    a - +8 autumn katana {vorpal, manifold assault}
rCold   + + .      Faith    .    j - +0 kite shield
rNeg    . . .      Spirit   .    D - +2 robe {rC+}
rPois   +          Reflect  +    I - +2 hat of Imperfection {Int+7}
rElec   +          Harm     .    x - +0 cloak
rCorr   +          Rampage  .    d - +1 pair of gloves {Str+3}
Will    +....                    (boots unavailable)
Stlth   ..........               t - amulet of reflection
HPRegen 0.43/turn                O - +4 ring of evasion
MPRegen 0.19/turn                o - ring of Eternal Harmony {*Slow rF+++ Int+6 Dex+6}

@: berserking (expiring), swift, resistant, gold aura, flying quickly and
evasively, very quick
A: beak, talons 3, nimble flight, mutation resistance 1
a: Renounce Religion, Potion Petition, Call Merchant, Bribe Branch


You were on level 2 of the Orcish Mines.
You worshipped Gozag.
Gozag was most pleased with you.
You visited 4 branches of the dungeon, and saw 19 of its levels.
You also visited: Sewer, Ossuary, Gauntlet and Ice Cave.

You collected 5464 gold pieces.
You paid 2581 gold pieces to Gozag.

Inventory:

Hand Weapons
 a - the +8 autumn katana (weapon) {vorpal, manifold assault}
   (You found it on level 2 of the Dungeon)

   It sometimes launches melee attacks against multiple visible enemies.
 h - a +5 dagger of freezing
 C - the +11 quarterstaff of the Hills {pain, rElec rF++ Will- SInv}
   (You took it off a minotaur in a Gauntlet)

   In the hands of one skilled in necromantic magic, it inflicts extra damage on
   living creatures.
   rF:        It greatly protects you from fire.
   rElec:     It insulates you from electricity.
   SInv:      It lets you see invisible.
   Will:      It decreases your willpower.
Missiles
 i - a throwing net
Armour
 d - a +1 pair of gloves of strength (worn)
 j - a +0 kite shield (worn)
 x - a +0 cloak (worn)
 D - a +2 robe of cold resistance (worn)
 I - the +2 hat of Imperfection (worn) {Int+7}
   (You acquired it on level 8 of the Dungeon)

   Int:       It affects your intelligence (+7).
Magical Staves
 b - a staff of air
Jewellery
 f - a ring of protection from fire
 o - the ring of Eternal Harmony (right hand) {*Slow rF+++ Int+6 Dex+6}
   (You took it off a goblin on level 2 of the Dungeon)

   [ring of intelligence]

   Int:       It affects your intelligence (+6).
   Dex:       It affects your dexterity (+6).
   rF:        It renders you almost immune to fire.
   *Slow:     It may slow you when you take damage.
 t - an amulet of reflection (around neck)
 K - a ring of protection from cold
 N - a ring of wizardry
 O - a +4 ring of evasion (left hand)
Wands
 v - a wand of mindburst (38)
 z - a wand of iceblast (14)
 B - a wand of digging (14)
 F - a wand of light (4)
 G - a wand of flame (32)
 R - a wand of paralysis (6)
Scrolls
 c - 2 scrolls of enchant armour
 k - 4 scrolls of enchant weapon
 l - 3 scrolls of poison
 u - 7 scrolls of teleportation
 y - 5 scrolls of brand weapon
 A - 3 scrolls of identify
 H - 4 scrolls of blinking
 L - a scroll of fear
 M - 2 scrolls of silence
 P - 2 scrolls of butterflies
Potions
 e - 10 potions of attraction
 g - 3 potions of heal wounds
 m - 4 potions of lignification
 n - 9 potions of curing
 p - 6 potions of berserk rage
 q - 4 potions of brilliance
 r - 6 potions of mutation
 s - 7 potions of might
 w - 3 potions of resistance
 E - 5 potions of haste
 J - a potion of magic


   Skills:
 + Level 12.2 Fighting
 - Level 12.0 Long Blades
 - Level 6.0 Dodging
 - Level 2.0 Stealth
 + Level 12.8 Shields
 - Level 6.0 Spellcasting
 - Level 12.0 Conjurations
 + Level 16.1 Air Magic


You had 10 spell levels left.
You knew the following spells:

 Your Spells              Type           Power      Damage    Failure   Level
a - Shock                 Conj/Air       100%       1d9       1%          1
b - Airstrike             Air            43%        2d(7-23)  1%          4
c - Freezing Cloud        Conj/Ice/Air   32%        6-21      4%          5
A - Static Discharge      Conj/Air       100%       2-7/arc   1%          2
B - Swiftness             Air            86%        N/A       1%          3

Your spell library contained the following spells:

 Spells                   Type           Power      Damage    Failure   Level
 Kiss of Death            Conj/Necr      100%       2d13      1%          1
 Magic Dart               Conj           100%       1d8       1%          1
 Searing Ray              Conj           100%       2d8       1%          2
 Hailstorm                Conj/Ice       49%        3d11      1%          3
 Fulminant Prism          Conj/Hex       24%        3d12      7%          4
 Ensorcelled Hibernation  Hex/Ice        18%        N/A       12%         2
 Passwall                 Tmut/Erth      7%         N/A       12%         2
 Confusing Touch          Hex            9%         N/A       24%         3
 Anguish                  Hex/Necr       4%         N/A       63%         4
 Dispel Undead            Necr           9%         3d8       63%         4
 Ice Form                 Ice/Tmut       9%         N/A       63%         4
 Enfeeble                 Hex            4%         N/A       100%        7
 Polar Vortex             Ice            4%         N/A       100%        9
 Simulacrum               Ice/Necr       Unusable   N/A       N/A         6

Dungeon Overview and Level Annotations

Branches:
Dungeon (11/15)            Temple (1/1) D:6            Lair (5/5) D:9
  Swamp (0/4) Lair:3        Snake (0/4) Lair:3        Slime (0/5) Lair:5
    Orc (2/2) D:10          Sewer (visited)         Ossuary (visited)
  IceCv (visited)         Gauntlet (visited)
    Elf: Orc:2

Altars:
Ashenzari
Cheibriados
Dithmenos
Elyvilon
Fedhas
Gozag
Hepliaklqana
Kikubaaqudgha
Makhleb
Nemelex Xobeh
Okawaru
Qazlal
Ru
Sif Muna
Trog
Uskayaw
Vehumet
Wu Jian
Xom
Yredelemnul
Zin
The Shining One
Jiyva

Shops:
D:9 *   D:10 (   Orc:1 :?

Annotations:
D:7 2 transporters, Cancer's ghost, novice GrEE
Lair:5 1 runed translucent door
Orc:2 3 runed translucent doors, Cheivey's ghost, journeyman TrMo


Innate Abilities, Weirdness & Mutations

You have a beak for a mouth.
You have claws for feet.
Your magical nature lets you fly swiftly and evasively.
You are somewhat resistant to further mutation.


Message History

The warg howls!
You slice the orc high priest!! Your kick misses the orc high priest.
You peck the orc high priest!
The orc high priest is almost dead.
The warg is no longer distracted by gold.
The sixfirhy is no longer distracted by gold.
The orc high priest is no longer distracted by gold.
The orc is no longer distracted by gold.
The orc priest is distracted by your dazzling golden aura.
The orc is distracted by your dazzling golden aura.
The orc high priest is distracted by your dazzling golden aura.
The rust devil is distracted by your dazzling golden aura.
The orange demon stings you but does no damage.
You completely miss the orc priest.
The orc high priest shouts!
The orc shouts!
Your kick misses the orc priest. Your peck misses the orc priest.
The orc priest is moderately wounded.
You slash the orc high priest!
You kill the orc high priest!
The rust devil disappears in a puff of smoke!
The orange demon disappears in a puff of smoke! x2
The warg is no longer distracted by gold.
The orc is no longer distracted by gold. x2
The orc priest is no longer distracted by gold.
The orc priest is distracted by your dazzling golden aura.
The orc priest shouts!
You slice the orc priest!!
You slice through the folds of space itself!
You slash the warg! x2; You slice the rust devil!!
You barely miss the orc.
The orc is no longer distracted by gold.
You kill the orc priest!
The warg is distracted by your dazzling golden aura.
The warg howls!
You slice the orc!!
You kill the orc!
The warg is distracted by your dazzling golden aura.
The orc high priest invokes the aid of Beogh against you.
Beogh smites you!
You die...
Your body crumbles into a pile of gold.

#################
................#
................####
#.###..######..##.##
#..# #..#...# #$@#
#......# ..3o.h$o#
#.....## .4.ooh§$#
'###....## 8..o8§§.o
.........##
..$h..§.#
+###......#
##o###..# #......##
... #..# #.......##
.. #..# #..#...#.##
#. #..#......#


You could see 3 orc high priests, a rust devil (summoned), a sixfirhy
(summoned), 3 wargs, an orc priest and 3 orcs.

Vanquished Creatures
  Rupert (Lair:5)
  A minotaur (Gauntlet)
  Snorg (Lair:5)
  The ghost of Buhan the Cleaver, a journeyman AtFi of Qazlal (Lair:1)
  A fire dragon (Lair:5)
  Josephine (Lair:4)
  3 hydras
  Erica (Orc:1)
  2 boulder beetles
  7 two-headed ogres
  An orc high priest (Orc:2)
  Nergalle (Orc:1)
  Sonja (Lair:3)
  A swamp dragon (Lair:5)
  3 orc knights
  Pikel (D:6)
  A lindwurm (Lair:5)
  A necromancer (Gauntlet)
  2 ugly things (IceCv)
  2 ice statues (IceCv)
  3 elephants (Lair:4)
  A black mamba (Lair:4)
  10 cane toads
  3 unseen horror zombies (D:8)
  3 rime drakes
  6 komodo dragons
  6 trolls
  3 polar bears
  19 blink frogs
  6 dream sheep (Lair:5)
  19 yaks
  5 wraiths
  7 wyverns
  5 basilisks
  3 chaos spawn (Gauntlet)
  3 steam dragons
  A neqoxec (Gauntlet)
  2 death yak simulacra (IceCv)
  5 wargs
  4 acid dragons
  2 nagas (Lair:3)
  13 water moccasins
  Duvessa (D:5)
  21 orc warriors
  A sky beast (D:8)
  4 black bears
  A swamp drake (Lair:5)
  2 ice beasts (D:7)
  3 ogres
  12 wolves
  6 centaurs
  A phantom (D:4)
  3 lemures (D:6)
  5 kobold brigands
  8 bullfrogs
  3 gnoll sergeants
  2 scorpions
  A necrophage (D:7)
  2 wyvern zombies (D:8)
  A cane toad simulacrum (Lair:2)
  13 wights
  Dowan (D:5)
  38 killer bees
  An elephant simulacrum (IceCv)
  4 howler monkeys
  2 electric eels
  A centaur zombie (D:8)
  29 orc priests
  3 hounds
  Crazy Yiuf (D:3)
  Jessica (D:2)
  Ijyb (D:5)
  5 iguanas
  14 orc wizards
  2 polar bear simulacra
  2 killer bee zombies (D:8)
  A mummy (Ossuary)
  10 gnolls
  4 river rats (Sewer)
  12 adders
  A shadow imp (D:7)
  An ufetubus (D:6)
  6 worms
  2 dart slugs
  85 orcs
  11 ball pythons
  9 bats
  7 endoplasms
  12 giant cockroaches
  11 goblins
  10 hobgoblins
  8 jackals
  14 quokkas
  5 frilled lizards
  6 gnoll skeletons (Ossuary)
  23 kobolds
  5 kobold skeletons (Ossuary)
  6 orc skeletons (Ossuary)
  7 rats
613 creatures vanquished.

Vanquished Creatures (others)
  An orc (Orc:1)
  17 fungi
  34 plants
  4 toadstools (D:1)
  7 withered plants (Gauntlet)
63 creatures vanquished.

Grand Total: 676 creatures vanquished

Notes
Turn   | Place    | Note
-------+----------+-------------------------------------------
     0 | D:1      | zishaf the Tengu Air Elementalist began the quest for the
                  | Orb.
     0 | D:1      | Reached XP level 1. HP: 10/10 MP: 4/4
   242 | D:1      | Reached XP level 2. HP: 16/16 MP: 4/6
   497 | D:1      | Found a faded altar of an unknown god.
   530 | D:1      | Reached skill level 1 in Fighting
   971 | D:1      | Reached XP level 3. HP: 20/20 MP: 5/7
   997 | D:1      | Learned a level 2 spell: Static Discharge
  1290 | D:2      | Found the +8 autumn katana {vorpal, manifold assault}
  1462 | D:2      | Reached XP level 4. HP: 26/26 MP: 8/8
  1484 | D:2      | Reached skill level 1 in Long Blades
  1501 | D:2      | Noticed Jessica
  1507 | D:2      | Killed Jessica
  1508 | D:2      | Reached skill level 5 in Air Magic
  1529 | D:2      | Identified the ring of Eternal Harmony {*Slow rF+++ Int+6
                  | Dex+6}
  1657 | D:2      | Gained mutation: Your magical nature lets you fly swiftly
                  | and evasively. [Tengu growth]
  1657 | D:2      | Reached XP level 5. HP: 30/30 MP: 9/9
  1662 | D:2      | Learned a level 3 spell: Swiftness
  1975 | D:3      | Found a sparkling altar of Nemelex Xobeh.
  2159 | D:3      | Found a runed translucent door.
  2160 | D:3      | Noticed Crazy Yiuf
  2364 | D:3      | Killed Crazy Yiuf
  2365 | D:3      | Reached XP level 6. HP: 25/36 MP: 6/10
  2528 | D:4      | Found a sand-covered staircase.
  2549 | Ossuary  | Entered an ossuary
  2549 | Ossuary  | Noticed a wraith
  2549 | Ossuary  | Noticed a wraith
  2549 | Ossuary  | Noticed a wraith
  2599 | Ossuary  | Noticed a wraith
  2608 | Ossuary  | Killed a wraith
  2609 | Ossuary  | Reached skill level 6 in Air Magic
  2713 | D:4      | Found a glowing drain.
  2727 | Sewer    | Entered a sewer
  2748 | Sewer    | Reached XP level 7. HP: 41/41 MP: 11/11
  2928 | Sewer    | Reached skill level 5 in Conjurations
  3046 | Sewer    | Learned a level 4 spell: Airstrike
  3283 | D:4      | Gained mutation: You are somewhat resistant to further
                  | mutation. [potion of mutation]
  4058 | D:5      | Entered Level 5 of the Dungeon
  4099 | D:5      | Reached skill level 7 in Air Magic
  4099 | D:5      | Reached XP level 8. HP: 48/48 MP: 12/12
  4125 | D:5      | Noticed Duvessa
  4132 | D:5      | Killed Duvessa
  4132 | D:5      | Noticed Dowan
  4141 | D:5      | Killed Dowan
  4342 | D:5      | Noticed Ijyb
  4349 | D:5      | Killed Ijyb
  4727 | D:6      | Found a staircase to the Ecumenical Temple.
  4770 | Temple   | Entered the Ecumenical Temple
  4953 | Temple   | Became a worshipper of Gozag Ym Sagoz the Greedy
  5006 | D:6      | Reached skill level 5 in Long Blades
  5129 | D:6      | Noticed Pikel
  5144 | D:6      | Killed Pikel
  5145 | D:6      | Reached skill level 5 in Fighting
  5145 | D:6      | Reached skill level 8 in Air Magic
  5145 | D:6      | Reached XP level 9. HP: 48/54 MP: 13/13
  5440 | D:6      | Found a blossoming altar of Fedhas.
  5758 | D:6      | Noticed a two-headed ogre
  5763 | D:6      | Killed a two-headed ogre
  5764 | D:6      | Reached skill level 9 in Air Magic
  6672 | D:7      | Found a transporter.
  6677 | D:7      | Noticed Cancer's ghost (novice GrEE)
  6930 | D:7      | Reached XP level 10. HP: 35/61 MP: 14/14
  7037 | D:7      | Reached skill level 10 in Air Magic
  7178 | D:7      | Found a transporter.
  7627 | D:8      | Noticed a two-headed ogre
  7638 | D:8      | Killed a two-headed ogre
  7639 | D:8      | Reached skill level 10 in Conjurations
  7924 | D:8      | Noticed a two-headed ogre
  7933 | D:8      | Killed a two-headed ogre
  8028 | D:8      | Identified a scroll of acquirement
  8028 | D:8      | Acquired the +2 hat of Imperfection {Int+7}
  8057 | D:8      | Reached skill level 11 in Air Magic
  8138 | D:8      | Found a basalt altar of Yredelemnul.
  8257 | D:8      | Reached XP level 11. HP: 68/68 MP: 15/15
  8295 | D:8      | Found a radiant altar of Vehumet.
  8305 | D:8      | Reached skill level 1 in Shields
  8554 | D:9      | Found a staircase to the Lair.
  8554 | D:9      | Noticed a two-headed ogre
  8573 | D:9      | Killed a two-headed ogre
  8824 | D:9      | Reached skill level 12 in Air Magic
  8889 | D:9      | Found Doerokk's Lightly-Used Armoury.
  9217 | D:9      | Found an iron altar of Okawaru.
  9355 | D:10     | Entered Level 10 of the Dungeon
  9389 | D:10     | Found a broken altar of Ashenzari.
  9399 | D:10     | Noticed a two-headed ogre
  9403 | D:10     | Killed a two-headed ogre
  9499 | D:10     | Reached skill level 5 in Shields
  9871 | D:10     | Reached XP level 12. HP: 54/76 MP: 18/18
  9918 | D:10     | Found a staircase to the Orcish Mines.
  9918 | D:10     | Found Bicvo's Weapon Emporium.
 10192 | D:10     | Reached skill level 10 in Long Blades
 10208 | D:10     | Noticed a two-headed ogre
 10213 | D:10     | Killed a two-headed ogre
 10339 | D:10     | Found a burning altar of Makhleb.
 10758 | D:11     | Noticed a boulder beetle
 10773 | D:11     | Killed a boulder beetle
 11103 | D:11     | Noticed a two-headed ogre
 11146 | D:11     | Killed a two-headed ogre
 11147 | D:11     | Reached skill level 13 in Air Magic
 11524 | Lair:1   | Entered Level 1 of the Lair of Beasts
 11670 | Lair:1   | Found a runed translucent door.
 11773 | Lair:1   | Found a gate leading to a gauntlet.
 11785 | Gauntlet | Entered a Gauntlet
 11785 | Gauntlet | Found a transporter.
 11840 | Gauntlet | Found a transporter.
 11855 | Gauntlet | Found a transporter.
 11857 | Gauntlet | Found a large runed translucent door.
 11857 | Gauntlet | Found a large runed translucent door.
 11858 | Gauntlet | Found a large runed translucent door.
 11858 | Gauntlet | Found a large runed translucent door.
 11859 | Gauntlet | Found a large runed translucent door.
 11859 | Gauntlet | Found a large runed translucent door.
 11859 | Gauntlet | Found a runed translucent door.
 11859 | Gauntlet | Found a runed translucent door.
 11859 | Gauntlet | Found a large runed translucent door.
 11859 | Gauntlet | Noticed a death yak
 11859 | Gauntlet | Noticed a death yak
 11860 | Gauntlet | Found a transporter.
 11866 | Gauntlet | Noticed a death yak
 11869 | Gauntlet | Noticed a death yak
 11879 | Gauntlet | Found a transporter.
 11893 | Gauntlet | Found a large runed translucent door.
 11894 | Gauntlet | Found a large runed translucent door.
 11895 | Gauntlet | Found a large runed translucent door.
 11895 | Gauntlet | Found a large runed translucent door.
 11896 | Gauntlet | Found a runed translucent gate.
 11897 | Gauntlet | Found a transporter.
 11897 | Gauntlet | Found a runed translucent gate.
 11898 | Gauntlet | Found a runed translucent gate.
 11899 | Gauntlet | Found a large runed translucent door.
 11899 | Gauntlet | Found a large runed translucent door.
 11900 | Gauntlet | Found a large runed translucent door.
 11901 | Gauntlet | Found a large runed translucent door.
 11909 | Gauntlet | Found a transporter.
 11911 | Gauntlet | Found a large runed translucent door.
 11915 | Gauntlet | Found a transporter.
 11930 | Gauntlet | Found a transporter.
 11936 | Gauntlet | Found a transporter.
 11951 | Gauntlet | Found a transporter.
 11960 | Gauntlet | Noticed a catoblepas
 11963 | Gauntlet | Found a transporter.
 11980 | Gauntlet | Found a transporter.
 11998 | Gauntlet | Found a transporter.
 12000 | Gauntlet | Found a transporter.
 12000 | Gauntlet | Noticed a catoblepas
 12025 | Gauntlet | Found a transporter.
 12027 | Gauntlet | Found a transporter.
 12047 | Gauntlet | Found a transporter.
 12272 | Gauntlet | Reached skill level 10 in Fighting
 12475 | Gauntlet | Identified the ring of Peace {rN+ Will- Str+4 SInv}
 12632 | Gauntlet | Identified the +11 quarterstaff of the Hills {pain, rElec
                  | rF++ Will- SInv}
 12632 | Gauntlet | Noticed a minotaur
 12645 | Gauntlet | Killed a minotaur
 12646 | Gauntlet | Reached skill level 5 in Spellcasting
 13157 | Lair:1   | Noticed Buhan's ghost (journeyman AtFi)
 13696 | Lair:1   | Killed Buhan's ghost
 13756 | Lair:2   | Reached XP level 13. HP: 69/82 MP: 20/22
 13786 | Lair:2   | Found a frozen archway.
 13801 | IceCv    | Entered an ice cave
 13816 | IceCv    | HP: 1/83 [death yak simulacrum (9)]
 13828 | IceCv    | Reached skill level 14 in Air Magic
 14036 | IceCv    | Found a transporter.
 14051 | IceCv    | Found a transporter.
 15208 | Lair:3   | Found a staircase to the Swamp.
 15397 | Lair:3   | Reached skill level 10 in Shields
 15503 | Lair:3   | Learned a level 5 spell: Freezing Cloud
 15512 | Lair:3   | Noticed Sonja
 15519 | Lair:3   | Killed Sonja
 15522 | Lair:3   | Found a staircase to the Snake Pit.
 16326 | Lair:4   | Noticed Josephine
 16333 | Lair:4   | Killed Josephine
 17105 | Lair:5   | Entered Level 5 of the Lair of Beasts
 17105 | Lair:5   | Noticed Rupert
 17112 | Lair:5   | Paralysed by Rupert for 2 turns
 17116 | Lair:5   | Killed Rupert
 17117 | Lair:5   | Reached skill level 15 in Air Magic
 17282 | Lair:5   | Reached XP level 14. HP: 81/90 MP: 24/24
 17349 | Lair:5   | Found a runed translucent door.
 17350 | Lair:5   | Found a viscous altar of Jiyva.
 17351 | Lair:5   | Noticed an acid blob
 17364 | Lair:5   | Reached skill level 5 in Dodging
 17980 | Lair:5   | Found a staircase to the Slime Pits.
 18014 | Lair:5   | Noticed Snorg
 18035 | Lair:5   | Killed Snorg
 19136 | Orc:1    | Entered Level 1 of the Orcish Mines
 19137 | Orc:1    | Found Senoiwn's Magic Scroll Boutique.
 19153 | Orc:1    | Noticed Nergalle
 19181 | Orc:1    | Killed Nergalle
 19336 | Orc:1    | Noticed Erica
 19410 | Orc:1    | Killed Erica
 19607 | Orc:2    | Entered Level 2 of the Orcish Mines
 19729 | Orc:1    | Reached skill level 16 in Air Magic
 19972 | Orc:1    | Found Pizorgh's Vocational Training.
 20257 | Orc:2    | Found a runed translucent gate.
 20257 | Orc:2    | Found a runed translucent gate.
 20258 | Orc:2    | Found a runed translucent gate.
 20258 | Orc:2    | Noticed Cheivey's ghost (journeyman TrMo)
 20360 | Orc:2    | HP: 2/138 [orc high priest/divine providence (8)]
 20375 | Orc:2    | Killed from afar by an orc high priest

Illustrated notes

Levels and vault maps discovered:
D:1:      heliophobic_arrival_glass_houses, layout_basic,
          shapermc_ecumenical_altar_mp_highgroup, minmay_gold_behind_fungi
D:2:      layout_basic, serial_forest, infiniplex_forest_clump_tiny,
          infiniplex_forest_zigzag_1, infiniplex_forest_lined_2,
          infiniplex_forest_straight_2, infiniplex_forest_straight_2,
          infiniplex_forest_diagonal, infiniplex_forest_end_1,
          infiniplex_forest_clump_medium, infiniplex_forest_clump_tiny,
          uniq_jessica
D:3:      layout_basic, mainiacjoe_overflow_alcove_4, uniq_crazy_yiuf_cottage
D:4:      layout_gridville, gup_sewer_entry_pipe,
          nicolae_ossuary_entry_false_entrances, minmay_manual_macuahuitl
D:5:      layout_cave_pools, uniq_ijyb, uniq_duvessa
D:6:      layout_loops_corners, fedhas_altar_fruit_tree,
          minmay_temple_entry_slanted, minmay_misc_feat_iff, uniq_pikel
D:7:      layout_basic, gammafunk_ghost_arena
D:8:      layout_gridville, nicolae_vehumet_altar_sigil,
          nicolae_yredelemnul_corpse_copse
D:9:      layout_cave_pools, mainiacjoe_overflow_24_doors,
          minmay_lair_entry_grove, st_stairs_12, minmay_shop_damaged
D:10:     wad_woods_minihive, layout_loops_ring, bloody_makhleb,
          nicolae_overflow_crystal_walls, orc_david_3
D:11:     layout_irregular_city
Temple:   nicolae_temple_superstar
Lair:1:   layout_cave_pods, gauntlet_entry_generic,
          ebering_ghost_reflecting_pool, grunt_forest_small_clearings,
          serial_bayou_shore_b, grunt_megastairs_1, serial_bayou_shore_a,
          lemuel_fruit_fields, serial_bayou_shore_b
Lair:2:   layout_concentric_octagons, portal_ice_cave_entry_ice_simulacra
Lair:3:   layout_small_grid, swamp_mist_pool, guppyfry_snake_entry_garden,
          infiniplex_staircase_pool, uniq_sonja
Lair:4:   layout_regular_city, lemuel_fruit_tree, uniq_josephine
Lair:5:   guppyfry_lair_end_dragon, layout_misc_corridors, slime_entry_2,
          minivault_27, st_stairs_6, uniq_snorg, uniq_rupert
Orc:1:    layout_diamond_mine, serial_shops,
          nicolae_shop_competitors_out_of_business, nicolae_shop_vocational,
          uniq_nergalle, uniq_erica
Orc:2:    st_orc_town, layout_caves, ebering_ghost_rock_garden, uniq_jorgrun

Skill      XL: |  1  2  3  4  5  6  7  8  9 10 11 12 13 14 |
---------------+-------------------------------------------+-----
Conjurations   | 2 3 4 6 7 9 10 12 | 12.0
Fighting       | 1 2 3 4 5 6 8 9 10 11 12 | 12.2
Long Blades    | 1 2 3 4 5 7 8 9 11 12 | 12.0
Air Magic      | 5 6 7 8 9 11 12 13 15 16 | 16.1
Shields        | 5 8 11 12 | 12.8
Spellcasting   | 3 5 6 |  6.0
Dodging        | 4 6 |  6.0
Stealth        | |  2.0

Action                   |  1- 3 |  4- 6 |  7- 9 | 10-12 | 13-15 || total
-------------------------+-------+-------+-------+-------+-------++-------
Melee: Unarmed           |    10 |       |       |       |       ||    10
       Peck              |     5 |    10 |    27 |    99 |   119 ||   260
       Kick              |     6 |    16 |    44 |   159 |   188 ||   413
       Dagger            |     3 |       |       |       |    16 ||    19
       Katana            |    16 |   111 |   195 |   594 |   632 ||  1548
       Punch             |       |       |       |     2 |       ||     2
 Cast: Shock             |    51 |       |     9 |    13 |    11 ||    84
       Swiftness         |       |     1 |       |     1 |     4 ||     6
       Airstrike         |       |       |     1 |     3 |    18 ||    22
       Static Discharge  |       |       |     1 |       |     1 ||     2
Invok: Potion Petition   |       |       |       |     3 |     2 ||     5
Evoke: Wand              |       |       |       |     1 |    10 ||    11
  Use: Scroll            |       |     8 |     8 |    11 |     2 ||    29
       Potion            |       |       |     1 |     3 |     6 ||    10
 Stab: Sleeping          |     1 |     9 |    13 |     4 |     8 ||    35
       Distracted        |       |       |     2 |     9 |     6 ||    17
       Invisible         |       |       |       |       |     2 ||     2
Armor: Robe              |     4 |    11 |    28 |   102 |    40 ||   185
Dodge: Dodged            |    24 |    60 |   111 |   246 |   169 ||   610
Block: Kite shield       |       |       |       |   199 |   353 ||   552
       Reflection        |       |       |       |     1 |     7 ||     8

Table legend: (Time is in decaauts)
 A = Elapsed time spent in this place.
 B = Non-inter-level travel time spent in this place.
 C = Inter-level travel time spent in this place.
 D = Time resting spent in this place.
 E = Time spent auto-exploring this place.
 F = Levels seen in this place.
 G = Mean time per level.
                   A        B        C        D        E       F      G
               +--------+--------+--------+--------+--------+-----+--------+
         Total |  19065 |  18160 |    905 |   1279 |  13206 |  23 |  828.9 |
       Dungeon |  10300 |   9660 |    640 |    286 |   7661 |  11 |  936.4 |
        Temple |    171 |    144 |     27 |      0 |     66 |   1 |  171.0 |
          Lair |   5548 |   5365 |    183 |    262 |   4168 |   5 | 1109.6 |
  Orcish Mines |   1069 |   1015 |     54 |      0 |    766 |   2 |  534.5 |
         Sewer |    391 |    391 |      0 |      0 |    245 |   1 |  391.0 |
       Ossuary |    124 |    124 |      0 |      0 |      0 |   1 |  124.0 |
      Ice Cave |    414 |    414 |      0 |    308 |      0 |   1 |  414.0 |
      Gauntlet |   1044 |   1044 |      0 |    423 |    297 |   1 | 1044.0 |
               +--------+--------+--------+--------+--------+-----+--------+

Top non-repeatable levels by time:
  Lair:5: 1761 daAuts
    D:10: 1327 daAuts
     D:1: 1253 daAuts
     D:6: 1250 daAuts
     D:7: 1134 daAuts
Gauntlet: 1044 daAuts
  Lair:1: 1038 daAuts
     D:4: 1035 daAuts
  Lair:4: 1019 daAuts
  Lair:3: 1018 daAuts
     D:9: 869 daAuts
   Orc:1: 861 daAuts
     D:8: 848 daAuts
    D:11: 774 daAuts
  Lair:2: 710 daAuts
